 Dungeon Crawl Stone Soup version 0.17.1-1-g73c8601 (webtiles) character file.

460 Implojin the Cleaver (level 6, -7/51 HPs)
             Began as a Minotaur Berserker on Apr 9, 2016.
             Was a Follower of Trog.
             Mangled by an ice beast (13 damage)
             ... on level 8 of the Dungeon.
             The game lasted 00:04:18 (493 turns).

Implojin the Cleaver (Minotaur Berserker)            Turns: 493, Time: 00:04:18

Health: -7/51      AC:  8    Str: 22    XL:     6   Next: 78%
Magic:  5/5        EV: 10    Int:  4    God:    Trog [*.....]
Gold:   55         SH:  0    Dex: 11    Spells: 0 memorised, 5 levels left

rFire  . . .     SeeInvis .     g - +0 war axe
rCold  . . .     Clarity  .     o - +0 scale mail
rNeg   . . .     SustAt   .     (no shield)
rPois  .         Gourm    .     (helmet restricted)
rElec  .         Spirit   .     (no cloak)
rCorr  .         Warding  .     (no gloves)
rMut   .         Stasis   .     k - +1 pair of boots
MR     .....                    (no amulet)
Stlth  ..........               (no ring)
                                q - ring of flight

@: exhausted, slowed, very slow, not resistant to hostile enchantments,
extremely unstealthy
A: retaliatory headbutt, horns 2
a: Berserk, Burn Spellbooks, Renounce Religion, Evoke Flight


You were on level 8 of the Dungeon.
You worshipped Trog.
Trog was aware of your devotion.
You were hungry.

You visited 1 branch of the dungeon, and saw 9 of its levels.

You collected 55 gold pieces.

Inventory:

Hand Weapons
 a - a +0 hand axe
 g - a +0 war axe (weapon)
Missiles
 h - 4 tomahawks (quivered)
Armour
 i - a +0 ring mail
 k - a +1 pair of boots (worn)
 m - a +0 chain mail
 o - a +0 scale mail (worn)
Jewellery
 q - a ring of flight (left hand)
Wands
 e - a wand of cold (9)
 n - a wand of digging (18)
Scrolls
 d - 2 scrolls of teleportation {unknown}
Potions
 b - a potion of curing {unknown}
 j - a potion of poison {unknown}
 l - a potion of magic {unknown}
 p - 2 potions of might {unknown}
Comestibles
 c - 2 bread rations


   Skills:
 - Level 3.6 Fighting
 * Level 9.3 Axes
 - Level 2.4 Armour
 - Level 2.1 Dodging


You had 5 spell levels left.
You didn't know any spells.

Dungeon Overview and Level Annotations

Branches:
Dungeon (9/15)
 Temple: D:4-7         Lair: D:8-11         Orc: D:9-12

Altars:


Innate Abilities, Weirdness & Mutations

You reflexively headbutt those who attack you in melee.
You have a pair of horns on your head.


Message History

* * * LOW HITPOINT WARNING * * *
You climb upwards.
You feel a strong urge to attack something.
There is a stone staircase leading down here.
Unknown command.
You feel your anger subside.
You are no longer berserk.
You are exhausted.
You feel yourself slow down.
You are near starving!
Eat a chunk of flesh? (ye/n/q/i?) This raw flesh tastes terrible.
You are feeling hungry.
You continue eating. x2
Eat which item? (? for menu, Esc to quit)
You can't eat that!
You see here a short sword.
An ice beast comes into view.
You see here a short sword.
You slash the ice beast!
The ice beast is heavily wounded.
The ice beast hits you but does no damage.
Unknown command.
You slash the ice beast!
The ice beast is almost dead.
The ice beast barely misses you.
You hit the ice beast.
The ice beast is almost dead.
The ice beast hits you but does no damage.
The ice beast hits you.
* * * LOW HITPOINT WARNING * * *
The ice beast freezes you.
* * * LOW HITPOINT WARNING * * *
Unknown command.
You closely miss the ice beast.
The ice beast is almost dead.
The ice beast closely misses you. The ice beast hits you.
* * * LOW HITPOINT WARNING * * *
The ice beast freezes you!
You die...

... ##.# . ..#
...#.. ..# #..#...
.. #.# .....## .
#.# ###....... ##.
#.# ##...# #.. #.#
#...## #.#
#####.###..##
#.#####....@Y)...#
#.##....###..#####
######....####
##.## ......[..##
####...####
........(#
#.........#
....)....#
#..>......#
##########
#.........#
####...#### #####


You could see an ice beast.

Vanquished Creatures
  The ghost of Implojin the Cleaver, an amateur MiBe of Trog (D:6)
  A giant frog (D:6)
  2 orc priests
  2 orc wizards (D:5)
  A hound zombie (D:5)
  2 hound skeletons (D:6)
  An adder (D:4)
  A shadow imp (D:5)
  A worm (D:6)
  6 orcs
  A giant cockroach (D:2)
  A goblin (D:2)
  A hobgoblin (D:2)
  2 bats
  A giant gecko skeleton (D:4)
  A giant newt (D:1)
25 creatures vanquished.

Notes
Turn   | Place    | Note
--------------------------------------------------------------
     0 | D:1      | Implojin the Minotaur Berserker began the quest for the Orb.
     0 | D:1      | Reached XP level 1. HP: 19/19 MP: 0/0
    56 | D:2      | Reached skill level 4 in Axes
    98 | D:4      | Reached XP level 2. HP: 17/26 MP: 1/1
   101 | D:5      | Entered Level 5 of the Dungeon
   107 | D:6      | Noticed a giant frog
   118 | D:6      | Killed a giant frog
   118 | D:6      | Reached skill level 6 in Axes
   118 | D:6      | Reached XP level 3. HP: 28/31 MP: 2/2
   118 | D:6      | Reached XP level 4. HP: 35/39 MP: 3/3
   168 | D:6      | Noticed Implojin's ghost (amateur MiBe)
   222 | D:6      | Killed Implojin's ghost
   222 | D:6      | Reached skill level 8 in Axes
   222 | D:6      | Reached XP level 5. HP: 38/45 MP: 4/4
   222 | D:6      | Reached XP level 6. HP: 43/51 MP: 5/5
   286 | D:5      | Reached skill level 9 in Axes
   493 | D:8      | Mangled by an ice beast

Action                   |  1- 3 |  4- 6 || total
-------------------------+-------+-------++-------
Melee: Hand axe          |    10 |     4 ||    14
       War axe           |       |    37 ||    37
Invok: Berserk           |     1 |     3 ||     4
  Eat: Chunk             |       |     2 ||     2

Table legend:
 A = Turns spent in this place as a percentage of turns spent in the entire game.
 B = Non-inter-level travel turns spent in this place as a percentage of non-inter-level travel turns spent in the entire game.
 C = Inter-level travel turns spent in this place as a percentage of turns spent in this place.
 D = Turns resting spent in this place as a percentage of non-inter-level travel turns spent in this place.
 E = Turns spent auto-exploring this place as a percentage of non-inter-level travel turns spent in this place.
 F = Non-inter-level travel turns spent in this place divided by the number of levels of this place that you've seen.
                   A       B       C       D       E      F
               +-------+-------+-------+-------+-------+----------------------
         Total | 100.0 | 100.0 |   0.0 |   0.0 |   0.0 |  53.1
       Dungeon | 100.0 | 100.0 |   0.0 |   0.0 |   0.0 |  53.1
               +-------+-------+-------+-------+-------+----------------------

Table legend:
 A = Kills in this place as a percentage of kills in entire the game.
 B = Kills by you in this place as a percentage of kills by you in the entire game.
 C = Kills by friends in this place as a percentage of kills by friends in the entire game.
 D = Other kills in this place as a percentage of other kills in the entire game.
 E = Experience gained in this place as a percentage of experience gained in the entire game.
 F = Experience gained in this place divided by the number of levels of this place that you have seen.
                   A       B       C       D       E      F
               +-------+-------+-------+-------+-------+----------------------
         Total | 100.0 | 100.0 |  -nan |  -nan | 100.0 |  73.1
       Dungeon | 100.0 | 100.0 |  -nan |  -nan | 100.0 |  73.1
               +-------+-------+-------+-------+-------+----------------------
